 Dungeon Crawl Stone Soup version 0.29.0-7-g18a832c13a (webtiles) character file.

Game seed: 6587389149166658240

33 Descartes the Scratcher (level 3, -3/15 HPs)
             Began as a Felid Transmuter on Sept 1, 2022.
             Killed from afar by an orc wizard (7 damage)
             ... with a magic dart
             ... on level 3 of the Dungeon.
             The game lasted 00:02:56 (2465 turns).

Descartes the Scratcher (Felid Transmuter)          Turns: 2465, Time: 00:02:57

Health: -3/15      AC:  1    Str:  6    XL:     3   Next: 12%
Magic:  7/7        EV: 18    Int: 14    God:
Gold:   147        SH:  0    Dex: 18    Spells: 5/6 levels left
                                        Lives:  0   Deaths: 1

rFire   . . .      SeeInvis +     - Unarmed
rCold   . . .      Faith    .   (shield unavailable)
rNeg    . . .      Spirit   .   (body armour unavailable)
rPois   .          Reflect  .   (helmet unavailable)
rElec   .          Harm     .   (cloak unavailable)
rCorr   .          Rampage  .   (gloves unavailable)
Will    .....                   (boots unavailable)
Stlth   ++........              (no amulet)
HPRegen 0.05/turn               (no ring)
MPRegen 0.10/turn               (no ring)

@: quick
A: very small, claws 1, fangs 3, see invisible, speed 1, shaggy fur 1, stealthy
paws, no weapons or thrown items, no armour, multi-lived
a: no special abilities


You were on level 3 of the Dungeon.
You visited 1 branch of the dungeon, and saw 3 of its levels.

You collected 147 gold pieces.

Inventory:

Jewellery
 b - an amulet of magic regeneration
 k - a ring of fire
Scrolls
 c - a scroll of identify {unknown}
 d - a scroll of enchant armour {unknown}
 e - 2 scrolls of butterflies {unknown}
 h - a scroll of noise {unknown}
Potions
 a - a potion of lignification
 f - a potion of flight
 g - a potion of ambrosia {unknown}
 i - a potion of attraction {unknown}
 j - a potion of might {unknown}


   Skills:
 + Level 1.5 Fighting
 * Level 3.4 Dodging
 * Level 2.4 Stealth
 * Level 3.5 Unarmed Combat
 + Level 2.3 Spellcasting
 + Level 2.6 Transmutations


You had 5 spell levels left.
You knew the following spells:

 Your Spells              Type           Power      Damage    Failure   Level
a - Beastly Appendage     Tmut           18%        N/A       8%          1

Your spell library contained the following spells:

 Spells                   Type           Power      Damage    Failure   Level
 Wereblood                Tmut           9%         N/A       12%         2
 Passwall                 Tmut/Erth      4%         N/A       21%         2
 Apportation              Tloc           2%         N/A       24%         1
 Necrotise                Necr           4%         1d4       24%         1
 Sandblast                Erth           2%         2d4       24%         1
 Summon Small Mammal      Summ           4%         N/A       24%         1
 Ensorcelled Hibernation  Hex/Ice        2%         N/A       34%         2
 Static Discharge         Conj/Air       1%         3-4/arc   34%         2
 Spider Form              Tmut/Pois      5%         N/A       38%         3
 Dazzling Flash           Conj/Hex       2%         N/A       56%         3
 Stone Arrow              Conj/Erth      2%         3d7       56%         3
 Swiftness                Air            1%         N/A       56%         3
 Ice Form                 Ice/Tmut       5%         N/A       80%         4
 Dispel Undead            Necr           1%         3d6       93%         4
 Leda's Liquefaction      Hex/Erth       0%         N/A       93%         4
 Sticky Flame             Conj/Fire      1%         2d3       93%         4
 Agony                    Necr           1%         N/A       100%        5
 Lee's Rapid Deconstruct  Erth           0%         3d5*      100%        5
 Silence                  Hex/Air        0%         N/A       100%        5
 Statue Form              Tmut/Erth      3%         N/A       100%        6


Dungeon Overview and Level Annotations

Branches:
Dungeon (3/15)

Altars:


Innate Abilities, Weirdness & Mutations

You have sharp claws.
You have razor-sharp teeth.
You have supernaturally acute eyesight. (SInv)
You cover ground quickly. (Speed+)
You are covered in fur. (AC +1)
Your paws help you pounce on unaware monsters.
You are incapable of wielding weapons or throwing items.
You cannot wear armour.
You gain extra lives every three experience levels.


Message History

You kill the orc!
You hear a shout!
Your transformation is almost over.
The orc wizard hits you with a +0 dagger.
An orc wizard comes into view. It is wielding a +0 dagger.
Things that are here:
a +0 whip of pain; a +0 leather armour; an orc corpse You closely miss the orc wizard.
The orc wizard closely misses you.
You scratch the orc wizard but do no damage.
Your headbutt misses the orc wizard. The orc wizard barely misses you.
You barely miss the orc wizard.
You headbutt the orc wizard, but do no damage.
The orc wizard mumbles some strange words.
The orc wizard flickers and vanishes for a moment.
You scratch the orc wizard. You bite the orc wizard.
The orc wizard is moderately wounded.
The orc wizard closely misses you.
You barely miss the orc wizard. You bite the orc wizard.
The orc wizard is moderately wounded.
You miss the orc wizard.
The orc wizard is moderately wounded.
The orc wizard hits you with a +0 dagger.
You scratch the orc wizard. Your headbutt misses the orc wizard.
The orc wizard is severely wounded.
The orc wizard closely misses you.
You scratch the orc wizard but do no damage.
The orc wizard is severely wounded.
The orc wizard completely misses you.
You scratch the orc wizard but do no damage.
The orc wizard is severely wounded.
The orc wizard gestures at you while chanting.
The magic dart hits you!
Ouch! That really hurt!
* * * LOW HITPOINT WARNING * * *
You scratch the orc wizard. Your headbutt misses the orc wizard.
The orc wizard is almost dead.
Your horns disappear.
The orc wizard gestures at you while chanting.
The magic dart hits you!
You die...

#.# ..# ... .#### #.#
......#.#
......#.#######
o.o....o..>.... #o#
#@# #.# #.# #.#)#
#.#.# ##### #.#.#
#...# #.#.# #...# ###
#.#.# #...#
....####.#.###...#####


You could see 2 orc wizards.

Vanquished Creatures
  3 adders
  A dart slug (D:1)
  An orc (D:3)
  4 endoplasms
  4 giant cockroaches (D:2)
  4 goblins
  2 hobgoblins (D:2)
  A quokka (D:1)
  6 ball pythons
  9 bats
  2 frilled lizards (D:2)
  3 kobolds
  A rat (D:1)
41 creatures vanquished.

Notes
Turn   | Place    | Note
-------+----------+-------------------------------------------
     0 | D:1      | Descartes the Felid Transmuter began the quest for the Orb.
     0 | D:1      | Reached XP level 1. HP: 9/9 MP: 4/4
   459 | D:1      | Reached skill level 1 in Stealth
   460 | D:1      | Reached XP level 2. HP: 12/12 MP: 4/6
  1374 | D:2      | Reached XP level 3. HP: 12/15 MP: 5/7
  2401 | D:3      | Reached XP level 4. HP: 8/19 MP: 6/8
  2409 | D:3      | Succumbed to an adder's poison
  2410 | D:3      | Reached XP level 3. HP: 0/15 MP: 6/7
  2465 | D:3      | Killed from afar by an orc wizard

Illustrated notes

Levels and vault maps discovered:
D:1:      dpeg_cavernosity, layout_basic, serial_bayou, serial_bayou_pond_c,
          serial_bayou_pond_d, serial_bayou_ford_a, serial_bayou_lake_a,
          serial_bayou_crossing, serial_bayou_pond_d, minmay_misc_feat_roman
D:2:      layout_rooms
D:3:      layout_basic, ebering_ecumenical_altar_webs, serial_shops,
          nicolae_diamond_shop, minivault_11

Skill      XL: |  1  2  3 |
---------------+----------+-----
Stealth        | 1 2 |  2.4
Dodging        | 3 |  3.4
Fighting       | |  1.5
Unarmed Combat | |  3.5
Spellcasting   | |  2.3
Transmutations | |  2.6

Action                   |  1- 3 |  4- 6 || total
-------------------------+-------+-------++-------
Melee: Unarmed           |    94 |       ||    94
       Headbutt          |    11 |       ||    11
       Bite              |     8 |       ||     8
       Punch             |     3 |       ||     3
 Cast: Beastly Appendage |    28 |     1 ||    29
  Use: Potion            |       |     1 ||     1
 Stab: Sleeping          |     6 |       ||     6
Armor: Skin              |     5 |       ||     5
Dodge: Dodged            |    60 |       ||    60
